[Event "*** SCC Grand Prix: Titled Tuesday Blitz"]
[Site "Chess.com"]
[Date "2020.07.21"]
[Round "8"]
[White "harkerchess"]
[Black "Evachess2006"]
[Result "1-0"]
[WhiteElo "2101"]
[BlackElo "1603"]
[TimeControl "180+1"]
[EndTime "11:33:55 PDT"]
[Termination "harkerchess won by resignation"]

1. d4 Nf6 2. Bg5 e6 3. e4 Be7 4. e5 Nd5 5. Bxe7 Qxe7 6. c4 Qb4+ 7.
Qd2 Qxd2+ 8. Nxd2 Ne7 9. Bd3 b6 10. Ngf3 Bb7 11. O-O O-O 12. b4 d6 13. a4 Nd7 14.
exd6 cxd6 15. a5 e5 16. d5 f5 17. Ng5 e4 18. Be2 Ng6 19. Ne6 Rf6 20. f3 Re8 21.
fxe4 Ndf8 22. exf5 Nxe6 23. fxe6 Rxf1+ 24. Rxf1 Rf8 25. Rxf8+ Kxf8 26. Ne4 bxa5 27. bxa5 Ba6 28. Nxd6 Ke7 29. Nf5+ Kf6 30. Nd4 Ke7 31. Kf2 Kd6 32.
Ke3 Ne7 33. c5+ Kxc5 34. Bxa6 Nxd5+ 35. Ke4 Ne7 36. Nf5 Nc6 37. e7 Nxe7 38. Nxe7 1-0

[Event "*** SCC Grand Prix: Titled Tuesday Blitz"]
[Site "Chess.com"]
[Date "2020.07.21"]
[Round "8"]
[White "warmoatmeal"]
[Black "26andrej26"]
[Result "0-1"]
[WhiteElo "2354"]
[BlackElo "2526"]
[TimeControl "180+1"]
[EndTime "11:33:57 PDT"]
[Termination "26andrej26 won by resignation"]

1. Nf3 Nf6 2. d4 g6 3. c4 Bg7 4. Nc3 d6 5. Bg5 O-O 6. e3 c5 7. Be2 h6 8. Bh4 Nbd7 9. O-O Qb6 10. Qb3 Qb4 11. Qxb4 cxb4 12. Nd5 Nxd5 13. cxd5 g5 14. Bg3 Nb6 15. Rac1 Nxd5 16. Bc4 Nb6 17. Bb3 a5 18. a3 a4 19. Ba2 b3 20. Bb1 Bd7 21.
Rc7 Bb5 22. Rfc1 Nd5 23. Rxb7 Rfc8 24. Re1 Bc6 25. e4 Bxb7 26. e5 0-1

[Event "*** SCC Grand Prix: Titled Tuesday Blitz"]
[Site "Chess.com"]
[Date "2020.07.21"]
[Round "8"]
[White "talaicito"]
[Black "Quiet_Desperation"]
[Result "0-1"]
[WhiteElo "2068"]
[BlackElo "2238"]
[TimeControl "180+1"]
[EndTime "11:33:58 PDT"]
[Termination "Quiet_Desperation won by resignation"]

1. d4 d5 2. Nc3 e6 3. Bf4 Nf6 4. e3 Be7 5. Nf3 O-O 6. Bd3 a6 7. O-O c5 8. dxc5 Nc6 9. e4 Bxc5 10. exd5 exd5 11. h3 Re8 12. Re1 Be6 13. Bg5 h6 14. Bh4 b5 15. a3 Rc8 16. Ne2 Be7 17. c3 Na5 18. Ned4 Nc4 19. Bxc4 dxc4 20. Nxe6 Qxd1 21. Raxd1 fxe6 22. Rxe6 Kf7 23. Rde1 Bc5 24. Rxe8 Rxe8 25. Rxe8 Nxe8 26. Kf1 g5 27. Bg3 Nf6 28. Ne5+ Ke6 29.
f3 Bd6 30. Ng4 Bxg3 31. Nxh6 Nd5 32. Ng4 Kf5 33. Ke2 Nf4+ 34. Kf1 Nd3 35. Ne3+ Ke5 36.
Nd1 Bf4 37. Ke2 Bc1 38. b3 Bxa3 39. bxc4 bxc4 40. g3 Bc5 41. h4 gxh4 42. gxh4 a5 43. Kd2 a4 44. Kc2 a3 45. Kb1 Kf4 46. h5 Kxf3 47. h6 Bf8 48. h7 Bg7 49. Ka2 Ke2 50. Kxa3 Kxd1 51. Ka4 Kc2 52. Kb5 Kxc3 0-1

[Event "*** SCC Grand Prix: Titled Tuesday Blitz"]
[Site "Chess.com"]
[Date "2020.07.21"]
[Round "8"]
[White "PavelShkapenko"]
[Black "nrvignesh"]
[Result "1-0"]
[WhiteElo "2648"]
[BlackElo "2764"]
[TimeControl "180+1"]
[EndTime "11:33:59 PDT"]
[Termination "PavelShkapenko won by resignation"]

1. e4 c5 2. c3 d5 3. exd5 Qxd5 4. Nf3 Nf6 5. d4 cxd4 6. cxd4 Bg4 7. Nc3 Qd6 8. Qb3 Nc6 9. d5 Nd8 10. Bb5+ Bd7 11. Bg5 g6 12. Bxf6 exf6 13. O-O Bg7 14. Rfe1+ Kf8 15. Bxd7 Qxd7 16. Qa3+ Kg8 17. Re7 Bf8 18.
Rxd7 Bxa3 19. bxa3 Rc8 20. Ne4 Kg7 21. Nd6 Rc2 22.
Re1 Rxa2 23. Ne8+ 1-0

[Event "*** SCC Grand Prix: Titled Tuesday Blitz"]
[Site "Chess.com"]
[Date "2020.07.21"]
[Round "8"]
[White "Th3_Hound"]
[Black "giantslayer83"]
[Result "0-1"]
[WhiteElo "2594"]
[BlackElo "2745"]
[TimeControl "180+1"]
[EndTime "11:33:59 PDT"]
[Termination "giantslayer83 won by resignation"]

1. e4 c6 2. d4 d5 3. e5 Bf5 4. Nf3 e6 5. Be2 c5 6. Be3 Nd7 7. c3 Ne7 8. O-O Nc6 9. Nbd2 h6 10. Re1 Qb6 11. Qb3 c4 12. Qxb6 axb6 13. h3 b5 14. a3 Nb6 15. g4 Bh7 16. Nf1 Na4 17. Bc1 Be7 18. Bd1 Kd7 19. Ne3 Nb6 20.
Bc2 b4 21. Bxh7 Rxh7 22. cxb4 Nxb4 23. Rd1 Nc6 24. Rb1 Na4 25. Bd2 Kc7 26. b3 cxb3 27.
Rxb3 Rhh8 28. Rdb1 Ra7 29. Kf1 Rb8 30. Ke2 Ra6 31. Kd3 Nb6 32. Nc2 Nc4 33. Bb4 Bxb4 34. axb4 b5 35. Kc3 Rba8 36. Nfe1 f6 37. exf6 gxf6 38.
Nd3 Kd6 39. Re1 e5 40. f3 Ra2 41. dxe5+ fxe5 42. Nc5 Rxc2+ 43. Kxc2 Nd4+ 44. Kc3 Nxb3 45.
Kxb3 Ra3+ 46. Kc2 Rxf3 0-1

[Event "*** SCC Grand Prix: Titled Tuesday Blitz"]
[Site "Chess.com"]
[Date "2020.07.21"]
[Round "8"]
[White "HouseOfDurin"]
[Black "Duong57"]
[Result "0-1"]
[WhiteElo "2069"]
[BlackElo "2306"]
[TimeControl "180+1"]
[EndTime "11:33:59 PDT"]
[Termination "Duong57 won by resignation"]

1. d4 d5 2. Bg5 c5 3. c3 Nc6 4. e3 Qb6 5. Qc2 cxd4 6. exd4 Bf5 7. Qb3 e6 8. Nd2 Bd6 9. Ngf3 Qc7 10. Bb5 Ne7 11. Bxe7 Qxe7 12. Ne5 O-O 13. Bxc6 bxc6 14. Nxc6 Qc7 15. Qa4 Rfc8 16. Na5 Rab8 17.
Nab3 Bd3 18. O-O-O Bb5 19. Qa5 Qe7 20. Kb1 a6 21. Rhe1 Bc7 22. Qb4 Bd3+ 23. Ka1 Rxb4 24. cxb4 Qxb4 25. Nc5 Bc2 26. Rc1 Qxd2 0-1

[Event "*** SCC Grand Prix: Titled Tuesday Blitz"]
[Site "Chess.com"]
[Date "2020.07.21"]
[Round "8"]
[White "margarita_2703"]
[Black "Matols"]
[Result "1-0"]
[WhiteElo "2394"]
[BlackElo "2212"]
[TimeControl "180+1"]
[EndTime "11:34:00 PDT"]
[Termination "margarita_2703 won by resignation"]

1. Nf3 Nf6 2. c4 e6 3. Nc3 b6 4.
g3 Bb7 5. Bg2 Bb4 6. Qc2 O-O 7.
O-O d5 8. cxd5 exd5 9. d4 Nbd7 10. a3 Be7 11. Bf4 c5 12. Rad1 Re8 13. e3 Rc8 14.
Qb1 h6 15. Ne5 g5 16. Nxd7 Nxd7 17. Be5 Bf8 18. Qf5 f6 19. Nxd5 Bxd5 20. Bxd5+ Kg7 21. Be4 Kf7 22. dxc5 Rxe5 23. Rxd7+ 1-0

[Event "*** SCC Grand Prix: Titled Tuesday Blitz"]
[Site "Chess.com"]
[Date "2020.07.21"]
[Round "8"]
[White "Ramil_Faizrakhmanov"]
[Black "Kildepiotr"]
[Result "1-0"]
[WhiteElo "2789"]
[BlackElo "2616"]
[TimeControl "180+1"]
[EndTime "11:34:01 PDT"]
[Termination "Ramil_Faizrakhmanov won by resignation"]

1. d4 c5 2. d5 e5 3. Nc3 d6 4. e4 Be7 5. Bb5+ Nd7 6. a4 Bg5 7. Nf3 Bxc1 8. Qxc1 Ne7 9. O-O O-O 10. Nd2 Ng6 11. g3 Nf6 12. f3 Ne8 13. Bxe8 Rxe8 14.
Nc4 a6 15. a5 Bh3 16. Rf2 f5 17. exf5 Bxf5 18. Qe3 Rf8 19. Rb1 Rc8 20. g4 Nf4 21.
gxf5 Nh3+ 22. Kh1 Nxf2+ 23. Qxf2 Rxf5 24. Ne4 Rf4 25. Ncxd6 Rc7 26. Rd1 Rd7 27. Qxc5 Rxf3 28. Nc4 Rc7 29. Qb6 Qd7 30. Nxe5 Qf5 31. Qe6+ Kh8 32.
Qxf5 Rxf5 33. d6 Rc8 34. d7 Rd8 35. Nd6 Rxe5 36. Nf7+ Kg8 37. Nxd8 1-0

[Event "*** SCC Grand Prix: Titled Tuesday Blitz"]
[Site "Chess.com"]
[Date "2020.07.21"]
[Round "8"]
[White "HElissalt"]
[Black "canary2016"]
[Result "1-0"]
[WhiteElo "2277"]
[BlackElo "1928"]
[TimeControl "180+1"]
[EndTime "11:34:01 PDT"]
[Termination "HElissalt won by checkmate"]

1. c4 c6 2. d4 d5 3. cxd5 cxd5 4. Bf4 Nf6 5. e3 Nc6 6. Bd3 Bg4 7. f3 Bh5 8. Ne2 Bg6 9. Nbc3 e6 10. Rc1 Bd6 11. Bxd6 Qxd6 12. O-O Bxd3 13. Qxd3 O-O 14. e4 dxe4 15.
fxe4 Qd7 16. Rcd1 Rad8 17. Qg3 Qe7 18. e5 Nd5 19. Ne4 Kh8 20. a3 f6 21. exf6 Nxf6 22.
Ng5 Qd6 23. Qh3 h6 24. Nxe6 Qe7 25. N2f4 Qe8 26. Nxf8 Qxf8 27. Ng6+ Kg8 28. Nxf8 Rxf8 29. d5 Ne5 30. Qe6+ Kh7 31. Qxe5 Rd8 32. Qf5+ Kh8 33. d6 Rd7 34. Qe6 Rd8 35. Rxf6 gxf6 36. Qxf6+ Kh7 37.
Qxd8 b5 38. Rf1 b4 39. Rf6 a5 40. Qe7+ Kg8 41. Rf8# 1-0

[Event "*** SCC Grand Prix: Titled Tuesday Blitz"]
[Site "Chess.com"]
[Date "2020.07.21"]
[Round "8"]
[White "knightmare7724"]
[Black "Harsha_Bharathakoti"]
[Result "0-1"]
[WhiteElo "2600"]
[BlackElo "2765"]
[TimeControl "180+1"]
[EndTime "11:34:03 PDT"]
[Termination "Harsha_Bharathakoti won by resignation"]

1. e4 c5 2. Nf3 Nc6 3. d4 cxd4 4.
Nxd4 Nf6 5. Nc3 d6 6. Be2 e5 7. Nb3 Be7 8. O-O O-O 9. f4 a5 10. Bb5 Nxe4 11. Nd5 a4 12. Nd2 Nf6 13. Nxe7+ Nxe7 14. Bd3 Ng4 15. Qe2 Nd5 16. fxe5 dxe5 17. Nc4 b5 18.
Nxe5 Re8 19. Bxh7+ Kxh7 20. Qd3+ Kg8 21. Nxf7 Qb6+ 22.
Kh1 Nf2+ 23. Rxf2 Qxf2 24. Nh6+ gxh6 25. Qxd5+ Be6 0-1

[Event "*** SCC Grand Prix: Titled Tuesday Blitz"]
[Site "Chess.com"]
[Date "2020.07.21"]
[Round "8"]
[White "ftorodent"]
[Black "Jumbo"]
[Result "0-1"]
[WhiteElo "2643"]
[BlackElo "2855"]
[TimeControl "180+1"]
[EndTime "11:34:04 PDT"]
[Termination "Jumbo won by resignation"]

1. d4 g6 2. c4 Bg7 3. e4 d6 4.
Nc3 e5 5. d5 a5 6. h4 h5 7. Nf3 Bh6 8. Bg5 f6 9. Bxh6 Nxh6 10.
Be2 Na6 11. Qd2 Nc5 12. b3 Nf7 13. Rb1 f5 14. exf5 Bxf5 15. Rd1 e4 16. Nd4 Ne5 17. Qe3 Qf6 18. Ncb5 Kd7 19. Kd2 a4 20. b4 Ncd3 21.
Bxd3 exd3 22. Na3 Rhe8 23. Qf4 Nxc4+ 24. Nxc4 Re4 25. Qh6 Qxd4 26. Ne3 Qb2+ 27. Kxd3 0-1

[Event "*** SCC Grand Prix: Titled Tuesday Blitz"]
[Site "Chess.com"]
[Date "2020.07.21"]
[Round "8"]
[White "anpospan"]
[Black "mirochka"]
[Result "1-0"]
[WhiteElo "2279"]
[BlackElo "2135"]
[TimeControl "180+1"]
[EndTime "11:34:08 PDT"]
[Termination "anpospan won on time"]

1. Nf3 d5 2. b3 Nf6 3. Bb2 e6 4. e3 Be7 5. Be2 O-O 6. c4 b6 7.
d3 Bb7 8. Qc2 Nfd7 9. Nbd2 Bf6 10. O-O c5 11. Rac1 Nc6 12. a3 Rc8 13. Qb1 Nce5 14.
Nxe5 Nxe5 15. Nf3 Qc7 16. cxd5 exd5 17. d4 Nxf3+ 18. Bxf3 c4 19. bxc4 dxc4 20. Bxb7 Qxb7 21. Bc3 Rfe8 22. Rfe1 Qe7 23. a4 Qd7 24. Qb5 Qd8 25. Bb4 Qc7 26. d5 c3 27. d6 Qc6 28. d7 1-0

[Event "*** SCC Grand Prix: Titled Tuesday Blitz"]
[Site "Chess.com"]
[Date "2020.07.21"]
[Round "8"]
[White "VladaSviridova"]
[Black "Klaus1995"]
[Result "1-0"]
[WhiteElo "2125"]
[BlackElo "1895"]
[TimeControl "180+1"]
[EndTime "11:34:14 PDT"]
[Termination "VladaSviridova won by resignation"]

1. d4 Nf6 2. c4 e6 3. Nf3 c5 4. d5 exd5 5. cxd5 d6 6. Nc3 g6 7. h3 Bg7 8. e4 O-O 9. Bd3 a6 10.
a4 Re8 11. O-O Nbd7 12. Bf4 Qc7 13. Re1 b6 14. Rc1 Rb8 15. Bh2 c4 16. Bf1 b5 17.
e5 dxe5 18. d6 Qc5 19. Ng5 Bb7 20. axb5 axb5 21. Nge4 Nxe4 22. Nxe4 Bxe4 23. Rxe4 Nf6 24. Re2 Rbd8 25. Qe1 Rxd6 26. b4 Qd4 27. Bxe5 Qd5 28.
Bxd6 Qxd6 29. Rxe8+ 1-0

[Event "*** SCC Grand Prix: Titled Tuesday Blitz"]
[Site "Chess.com"]
[Date "2020.07.21"]
[Round "8"]
[White "MFguimaraes"]
[Black "ItsCheckM8Mate"]
[Result "1-0"]
[WhiteElo "2416"]
[BlackElo "2294"]
[TimeControl "180+1"]
[EndTime "11:34:15 PDT"]
[Termination "MFguimaraes won on time"]

1. e4 e5 2. Nf3 Nc6 3. Bc4 Nf6 4. Ng5 d5 5. exd5 Na5 6. Bb5+ c6 7. dxc6 bxc6 8. Qf3 Be7 9. Bxc6+ Nxc6 10. Qxc6+ Bd7 11.
Qa6 O-O 12. Nc3 h6 13. Nf3 e4 14. Ne5 Rc8 15. O-O Rc5 16. d4 Bc8 17. Qa4 Ra5 18. Nc6 Rxa4 19. Nxd8 Rc4 20. Nxf7 Kxf7 21. Be3 Be6 22.
f3 exf3 23. Rxf3 Rb8 24. d5 Bg4 25. Rf4 Rxf4 26. Bxf4 Rxb2 27. d6 Bd8 28. Nd1 Rxc2 29. Ne3 Bb6 30. Kh1 1-0

[Event "*** SCC Grand Prix: Titled Tuesday Blitz"]
[Site "Chess.com"]
[Date "2020.07.21"]
[Round "8"]
[White "Larina_Marija"]
[Black "Sn00pPawn"]
[Result "1-0"]
[WhiteElo "2105"]
[BlackElo "1790"]
[TimeControl "180+1"]
[EndTime "11:34:16 PDT"]
[Termination "Larina_Marija won on time"]

1. e4 c5 2. Nc3 g6 3. g3 Bg7 4.
Bg2 Nc6 5. d3 e6 6. Be3 Nd4 7.
Qd2 Ne7 8. Nd1 d6 9. c3 Ndc6 10.
Bh6 Bf6 11. h4 Ng8 12. Be3 e5 13. Ne2 h5 14. d4 cxd4 15. cxd4 exd4 16. Nxd4 Nge7 17.
O-O O-O 18. Nb5 Ne5 19. Nxd6 Bg7 20. Nc3 Ng4 21. Bf4 Nc6 22. Rad1 Be6 23. Nd5 1-0

[Event "*** SCC Grand Prix: Titled Tuesday Blitz"]
[Site "Chess.com"]
[Date "2020.07.21"]
[Round "8"]
[White "KaspMagAlpha"]
[Black "MIJUAREZ"]
[Result "0-1"]
[WhiteElo "2229"]
[BlackElo "2394"]
[TimeControl "180+1"]
[EndTime "11:34:19 PDT"]
[Termination "MIJUAREZ won by checkmate"]

1. d4 Nf6 2. c4 c6 3. Nf3 d5 4. e3 a6 5. Be2 Bg4 6. b3 e6 7.
O-O Nbd7 8. h3 Bh5 9. Bb2 Be7 10. Ne5 Bg6 11. Nxg6 hxg6 12. Nc3 O-O 13. f3 b5 14. e4 dxe4 15. Nxe4 bxc4 16. Bxc4 Nb6 17. Qe2 Rb8 18. Bxa6 Nbd5 19. Bc4 Nh5 20. Rad1 Ndf4 21. Qe3 Kh8 22. g4 Nxh3+ 23. Kh1 N5f4 24. Rfe1 Bb4 25. Rf1 Qh4 26. Rc1 Nf2+ 27. Kg1 Qh1+ 28. Kxf2 Qg2# 0-1

[Event "*** SCC Grand Prix: Titled Tuesday Blitz"]
[Site "Chess.com"]
[Date "2020.07.21"]
[Round "8"]
[White "londonkid"]
[Black "GMJustin"]
[Result "1-0"]
[WhiteElo "2418"]
[BlackElo "2299"]
[TimeControl "180+1"]
[EndTime "11:34:21 PDT"]
[Termination "londonkid won on time"]

1. d4 f5 2. Nc3 Nf6 3. Bg5 d5 4. Bxf6 exf6 5. e3 Be6 6. Bd3 Nc6 7. a3 Qd7 8. Nge2 g5 9. Na4 b6 10. Rc1 Na5 11. Nac3 c6 12. b4 Nc4 13. Bxc4 dxc4 14.
O-O Bd6 15. b5 cxb5 16. d5 Bf7 17. Nd4 Bxa3 18. Rb1 a6 19. Qf3 f4 20. exf4 O-O 21. f5 Bc5 22. Ne6 Rfe8 23. Ne4 Be7 24. d6 Bd8 25. N4xg5 fxg5 26. Qxa8 Be7 27. Qxa6 Bxd6 28. Qxb5 Qxb5 29. Rxb5 Bxe6 30. fxe6 1-0

[Event "*** SCC Grand Prix: Titled Tuesday Blitz"]
[Site "Chess.com"]
[Date "2020.07.21"]
[Round "8"]
[White "Tooweak2slow03"]
[Black "chesstrainer2042"]
[Result "1-0"]
[WhiteElo "2688"]
[BlackElo "2469"]
[TimeControl "180+1"]
[EndTime "11:34:23 PDT"]
[Termination "Tooweak2slow03 won by checkmate"]

1. e4 c5 2. Nf3 e6 3. b4 cxb4 4. a3 bxa3 5. Bxa3 Bxa3 6. Nxa3 d5 7. e5 Ne7 8. d4 b6 9. Nb5 O-O 10. Bd3 h6 11. Nd6 Nbc6 12. c3 f6 13. Qe2 fxe5 14. dxe5 Bd7 15. Bc2 Nf5 16. O-O Nxd6 17. exd6 Qf6 18. Qd3 Qf4 19. Qh7+ Kf7 20. Qg6+ Kg8 21.
Qh7+ Kf7 22. Qg6+ Kg8 23. Ra4 Qf6 24. Qh7+ Kf7 25. Bg6+ Qxg6 26. Rf4+ Qf5 27. Rxf5+ exf5 28. Nh4 Ne5 29. Nxf5 Kf6 30. Ng3 Be8 31. Qf5# 1-0

[Event "*** SCC Grand Prix: Titled Tuesday Blitz"]
[Site "Chess.com"]
[Date "2020.07.21"]
[Round "8"]
[White "yuliagok"]
[Black "Keures"]
[Result "1/2-1/2"]
[WhiteElo "2103"]
[BlackElo "2241"]
[TimeControl "180+1"]
[EndTime "11:34:23 PDT"]
[Termination "Game drawn by agreement"]

1. d4 Nf6 2. c4 e6 3. Nf3 Bb4+ 4. Bd2 Bxd2+ 5. Qxd2 d5 6. cxd5 exd5 7. Nc3 O-O 8. Qc2 c6 9. e3 Bg4 10. Bd3 Nbd7 11. Ne5 Bh5 12. O-O Bg6 13. Nxg6 hxg6 14. e4 dxe4 15. Nxe4 Nxe4 16. Bxe4 Nf6 17. Rad1 Nxe4 18.
Qxe4 Re8 19. Qf3 Qf6 20. Qxf6 gxf6 21. d5 cxd5 22. Rxd5 Re2 23. Rb5 b6 24. a4 Rc8 25.
b4 Rcc2 26. a5 bxa5 27. Rxa5 Rb2 28. Rxa7 Rxb4 29. g3 Rbb2 30. Kg2 Kg7 31. Ra6 f5 32. h4 Rec2 33. Ra7 Rc4 34. Ra3 f4 35. gxf4 Rxf4 36. Rh3 Rb5 37. Rfh1 Rbf5 38. f3 Rc5 39. h5 g5 40. h6+ Kh7 41. Kg3 Rc3 42. Kg2 f5 43. Ra1 Rc7 44. Ra6 Rfc4 45. Rh5 g4 46. Rxf5 gxf3+ 47. Rxf3 Rg4+ 48. Kh3 Rg6 49. Rxg6 Kxg6 50.
Rg3+ Kxh6 51. Rf3 1/2-1/2

[Event "*** SCC Grand Prix: Titled Tuesday Blitz"]
[Site "Chess.com"]
[Date "2020.07.21"]
[Round "8"]
[White "ajdemipopushi"]
[Black "RodinMihail"]
[Result "0-1"]
[WhiteElo "2341"]
[BlackElo "2479"]
[TimeControl "180+1"]
[EndTime "11:34:24 PDT"]
[Termination "RodinMihail won on time"]

1. Nf3 d5 2. g3 c6 3. c4 e6 4.
Bg2 Nf6 5. O-O dxc4 6. Qc2 b5 7. a4 Bb7 8. b3 cxb3 9. Qxb3 a6 10. d4 Be7 11. Rd1 O-O 12. Nc3 Nbd7 13. e4 b4 14. a5 Qc8 15. e5 Nd5 16. Ne4 c5 17. Nd6 Bxd6 18. exd6 c4 19. Qc2 h6 20. Ne5 Nc3 21. Re1 Bxg2 22. Kxg2 Rd8 23. Bb2 Nf6 24.
Bxc3 bxc3 0-1

[Event "*** SCC Grand Prix: Titled Tuesday Blitz"]
[Site "Chess.com"]
[Date "2020.07.21"]
[Round "8"]
[White "VALPARAISO37"]
[Black "51616516516"]
[Result "1-0"]
[WhiteElo "2288"]
[BlackElo "2394"]
[TimeControl "180+1"]
[EndTime "11:34:26 PDT"]
[Termination "VALPARAISO37 won on time"]

1. d4 Nf6 2. c4 e6 3. Nc3 Bb4 4. a3 Bxc3+ 5. bxc3 b6 6. e3 Nc6 7. Bd3 Ba6 8. e4 e5 9. Nf3 O-O 10. O-O d6 11. Bg5 h6 12. Be3 Re8 13. Nd2 Qd7 14. h3 Na5 15. a4 c5 16. d5 Nh7 17. Qh5 f6 18. Kh2 Qf7 19. Qg4 h5 20. Qg3 Bc8 21.
f4 Bd7 22. Rf2 Qe7 23. Bc2 Rad8 24. Raf1 Bc8 25. fxe5 Qxe5 26. Bf4 Qe7 27. Kh1 Ng5 28. Qh4 Nf7 29. Qxh5 Ne5 30. Kh2 Nexc4 31. e5 1-0

[Event "*** SCC Grand Prix: Titled Tuesday Blitz"]
[Site "Chess.com"]
[Date "2020.07.21"]
[Round "8"]
[White "Gloomy_Wanderer"]
[Black "bratkoo"]
[Result "1-0"]
[WhiteElo "2691"]
[BlackElo "2471"]
[TimeControl "180+1"]
[EndTime "11:34:29 PDT"]
[Termination "Gloomy_Wanderer won by resignation"]

1. d4 e6 2. c4 d5 3. Nf3 Nf6 4. g3 dxc4 5. Bg2 Nc6 6. O-O Rb8 7. e3 Be7 8. Nfd2 Na5 9. Qa4+ c6 10. Nxc4 Nxc4 11. Qxc4 O-O 12. Nc3 Nd5 13. Rd1 Bf6 14. e4 Nb6 15. Qc5 Qe7 16. Bf4 e5 17. Qxe7 Bxe7 18.
Bxe5 Ra8 19. b3 Bd7 20. Rac1 Ba3 21. Rc2 Rfe8 22. Bf4 Rac8 23. h3 h6 24. g4 a5 25.
Be3 Na8 26. f4 Nc7 27. Kf2 Na6 28. Na4 Rcd8 29. d5 cxd5 30. exd5 Nb4 31. Rcd2 Bxa4 32. bxa4 Rd6 33. Bf1 b6 34. Kf3 Red8 35. Bc4 Kf8 36. f5 f6 37. Bf4 R6d7 38. d6 Rc8 39. Bb5 Rc3+ 40. Kg2 Rd8 41. d7 Nc2 42. Re2 Kf7 43. Re8 Rxd7 44. Rxd7+ Kxe8 45. Rc7+ Kd8 46. Rxc3 1-0

[Event "*** SCC Grand Prix: Titled Tuesday Blitz"]
[Site "Chess.com"]
[Date "2020.07.21"]
[Round "8"]
[White "Chesswizard_2007"]
[Black "lelya96"]
[Result "1-0"]
[WhiteElo "2457"]
[BlackElo "2195"]
[TimeControl "180+1"]
[EndTime "11:34:29 PDT"]
[Termination "Chesswizard_2007 won by resignation"]

1. d4 Nf6 2. c4 e6 3. Nc3 Bb4 4. Nf3 Nc6 5. g3 d6 6. Bg2 O-O 7. O-O Bxc3 8. bxc3 Qe7 9. a4 e5 10. d5 Nb8 11. Bg5 Nbd7 12. a5 h6 13. Be3 Ne4 14. Qc2 f5 15. Nh4 Ndc5 16. Ng6 Qf7 17. Nxf8 Qxf8 18. f3 Ng5 19. Bxc5 dxc5 20. e4 f4 21. Qd2 Qf6 22. gxf4 exf4 23. e5 Qxe5 24. Rfe1 Qf6 25. Re8+ Kh7 26. Kh1 Qg6 27. Rae1 b6 28. a6 Qh5 29. Qd3+ Bf5 30. Qxf5+ g6 31. R1e7+ 1-0

[Event "*** SCC Grand Prix: Titled Tuesday Blitz"]
[Site "Chess.com"]
[Date "2020.07.21"]
[Round "8"]
[White "michaelshahade"]
[Black "politeplayer"]
[Result "0-1"]
[WhiteElo "2029"]
[BlackElo "2195"]
[TimeControl "180+1"]
[EndTime "11:34:30 PDT"]
[Termination "politeplayer won on time"]

1. c4 Nf6 2. Nc3 g6 3. Nf3 Bg7 4. g3 O-O 5. Bg2 c5 6. O-O Nc6 7.
d4 cxd4 8. Nxd4 Qa5 9. h3 Qc5 10.
Be3 Qxc4 11. Rc1 Nxd4 12. Bxd4 Qa6 13. Bxf6 exf6 14. a4 d6 15. Nb5 Qa5 16. Nxd6 f5 17.
Nxc8 Raxc8 18. Qb3 b6 19. Rxc8 Rxc8 20. Rd1 Qc5 21. Bd5 Qe7 22. Rd3 Rc1+ 23. Rd1 Rxd1+ 24. Qxd1 Bxb2 25. Qb3 Qxe2 26. Bxf7+ Kg7 0-1

[Event "*** SCC Grand Prix: Titled Tuesday Blitz"]
[Site "Chess.com"]
[Date "2020.07.21"]
[Round "8"]
[White "SCIM"]
[Black "ChronicUnhappiness"]
[Result "1-0"]
[WhiteElo "2568"]
[BlackElo "2382"]
[TimeControl "180+1"]
[EndTime "11:34:31 PDT"]
[Termination "SCIM won by resignation"]

1. d4 d5 2. c4 e6 3. Nc3 Bb4 4. cxd5 exd5 5. Nf3 Nf6 6. Bg5 h6 7. Bh4 Bf5 8. Qb3 c5 9. dxc5 Nc6 10. e3 g5 11. Bg3 Ne4 12. Bb5 O-O 13. O-O Nxc3 14. bxc3 Bxc5 15. Nd4 Bd7 16. Rfd1 Nxd4 17. cxd4 Bxb5 18.
Qxb5 Bb6 19. a4 a6 20. Qb1 h5 21. Be5 Re8 22. Qf5 Re6 23. Rab1 Qd7 24. Rxb6 1-0

[Event "*** SCC Grand Prix: Titled Tuesday Blitz"]
[Site "Chess.com"]
[Date "2020.07.21"]
[Round "8"]
[White "ChristianAlm"]
[Black "zaur-mammadov"]
[Result "0-1"]
[WhiteElo "2534"]
[BlackElo "2673"]
[TimeControl "180+1"]
[EndTime "11:34:35 PDT"]
[Termination "zaur-mammadov won by resignation"]

1. d4 d5 2. Bf4 Nf6 3. e3 c5 4.
Nf3 cxd4 5. exd4 Nc6 6. Nc3 a6 7. Be2 g6 8. O-O Bg7 9. Ne5 O-O 10. Nxc6 bxc6 11. Be5 Bh6 12. Na4 Nd7 13. Bg3 f6 14. Re1 e5 15. dxe5 fxe5 16. Bg4 e4 17. Be6+ Kh8 18.
c4 Nf6 19. cxd5 cxd5 20. Nc5 Qe7 21. Bxd5 Rd8 22. Bxa8 Rxd1 23. Rexd1 Qxc5 24. Rd8+ Kg7 25. Bd6 Qc2 26. Bf8+ Kf7 27. Bxh6 Ng4 28. Be3 Qxb2 29. Rad1 Nxe3 30. fxe3 Bg4 31. Rf1+ Ke7 32. Rd4 Bf5 33. g4 Qe2 34. Rf2 Qxg4+ 35. Kf1 Qh3+ 36. Ke1 Qxe3+ 0-1

[Event "*** SCC Grand Prix: Titled Tuesday Blitz"]
[Site "Chess.com"]
[Date "2020.07.21"]
[Round "8"]
[White "chessfrendz"]
[Black "bmt011"]
[Result "1-0"]
[WhiteElo "2253"]
[BlackElo "2124"]
[TimeControl "180+1"]
[EndTime "11:34:37 PDT"]
[Termination "chessfrendz won on time"]

1. d4 Nf6 2. Nf3 e6 3. c4 Bb4+ 4.
Bd2 c5 5. Qc2 Nc6 6. dxc5 Bxc5 7. e3 O-O 8. a3 a5 9. Nc3 Be7 10. Bd3 d6 11. O-O e5 12. Nd5 Bg4 13. Nxf6+ Bxf6 14. Bxh7+ Kh8 15. Be4 Rc8 16. h3 Be6 17. Rac1 Be7 18.
Bf5 Qd7 19. Bxe6 Qxe6 20. Qe4 f5 21. Qd5 Qg6 22. Bxa5 f4 23. e4 Nxa5 24. Qxa5 Qxe4 25. Rfe1 Qf5 26. Qd5 g5 27. Qxb7 Rce8 28. Qe4 Qf6 29. c5 Rg8 30. cxd6 Bxd6 31. Nh2 Qe6 32. Ng4 f3 33.
Qxf3 e4 34. Qf6+ 1-0

[Event "*** SCC Grand Prix: Titled Tuesday Blitz"]
[Site "Chess.com"]
[Date "2020.07.21"]
[Round "8"]
[White "Lagmantr"]
[Black "nrvisakh"]
[Result "0-1"]
[WhiteElo "2641"]
[BlackElo "2835"]
[TimeControl "180+1"]
[EndTime "11:34:38 PDT"]
[Termination "nrvisakh won by resignation"]

1. e4 c6 2. d4 d5 3. Nc3 dxe4 4. Nxe4 Bf5 5. Ng3 Bg6 6. Bc4 e6 7. N1e2 Nf6 8. O-O Bd6 9. f4 O-O 10. f5 exf5 11. Nxf5 Bc7 12. Bg5 Nbd7 13. Neg3 Bxg3 14.
hxg3 Bxf5 15. Rxf5 Qb6 16. b3 Rae8 17. c3 Ne4 18. Qf3 Nd6 19. Bd3 Ne5 20. Rxe5 Rxe5 21. Bf4 Re6 22. Rf1 g6 23. Be5 Rxe5 0-1

[Event "*** SCC Grand Prix: Titled Tuesday Blitz"]
[Site "Chess.com"]
[Date "2020.07.21"]
[Round "8"]
[White "TudorAnton"]
[Black "Irochka83"]
[Result "1-0"]
[WhiteElo "2504"]
[BlackElo "2346"]
[TimeControl "180+1"]
[EndTime "11:34:38 PDT"]
[Termination "TudorAnton won on time"]

1. d4 d5 2. c4 dxc4 3. e4 c5 4. d5 e6 5. Bxc4 Nf6 6. Nc3 exd5 7. exd5 Bd6 8. Nf3 O-O 9. O-O h6 10. h3 a6 11. a4 Bf5 12. Re1 Nbd7 13. Be3 Qc7 14.
Qb3 Rad8 15. Bf1 Rfe8 16. Nd2 Nb6 17. a5 Nbxd5 18. Nxd5 Nxd5 19. Nc4 Bh2+ 20. Kh1 Nxe3 21. Nxe3 Be4 22. Rad1 Rxd1 23. Rxd1 Be5 24. Bc4 Bd4 25.
Re1 Qf4 26. Kg1 Re5 27. Ng4 Re7 28. g3 Qc7 29. Bxf7+ Rxf7 30. Rxe4 c4 31. Re8+ Kh7 32. Qc2+ g6 33. Kg2 Qc6+ 34. Qe4 Bxb2 35. Qxc6 bxc6 36. Re4 c3 37. Rc4 Rf5 38. Rxc6 Rxa5 39. Rc7+ Kh8 40.
Nf6 1-0